 Dungeon Crawl Stone Soup version 0.29-a0-666-g26d293caef (webtiles) character file.

Game seed: 17156358333011648566

75 Monzz the Poker (level 4, 0/32 (34) HPs)
             Began as a Merfolk Gladiator on June 23, 2022.
             Slain by Crazy Yiuf
             ... wielding a +4 quarterstaff of chaos
              (4 damage)
             ... on level 2 of the Dungeon.
             The game lasted 00:06:41 (2343 turns).

Monzz the Poker (Merfolk Gladiator)                 Turns: 2343, Time: 00:06:42

HP:   0/32 (34)     AC:  7    Str: 14    XL:     4   Next: 31%
MP:   13/13         EV: 10    Int:  9    God:
Gold: 35            SH:  0    Dex: 15    Spells: 3/3 levels left

rFire   . . .      SeeInvis .   a - +0 trident
rCold   . . .      Faith    .   (no shield)
rNeg    . . .      Spirit   .   k - +0 scale mail
rPois   .          Reflect  .   c - +0 helmet
rElec   .          Harm     .   (no cloak)
rCorr   .          Rampage  .   (no gloves)
Will    .....                   (no boots)
Stlth   ..........              r - amulet of magic regeneration
HPRegen 0.10/turn               h - ring of magical power
MPRegen 0.53/turn               (no ring)

@: lethally poisoned (0 -> -5), drained
A: (nimble swimmer 2), mertail
a: no special abilities


You were on level 2 of the Dungeon.
You visited 1 branch of the dungeon, and saw 2 of its levels.

You collected 35 gold pieces.

Inventory:

Hand Weapons
 a - a +0 trident (weapon)
Missiles
 d - 3 throwing nets (quivered)
 e - a javelin
Armour
 c - a +0 helmet (worn)
 k - a +0 scale mail (worn)
Jewellery
 h - a ring of magical power (left hand)
 r - an amulet of magic regeneration (around neck)
Scrolls
 f - 3 scrolls of enchant armour {unknown}
 g - 2 scrolls of teleportation {unknown}
 i - 2 scrolls of poison
 j - a scroll of fog {unknown}
 m - 3 scrolls of identify {unknown}
 n - a scroll of blinking {unknown}
 p - 2 scrolls of vulnerability {unknown}
 q - a scroll of torment {unknown}
Potions
 l - a potion of curing {unknown}
 o - a potion of ambrosia {unknown}


   Skills:
 + Level 2.9 Fighting
 + Level 5.2 Polearms
 + Level 2.1 Throwing
 + Level 1.0 Armour
 + Level 4.4 Dodging


You had 3 spell levels left.
You didn't know any spells.
Your spell library was empty.

Dungeon Overview and Level Annotations

Branches:
Dungeon (2/15)

Altars:
Okawaru

Shops:
D:2 (

Annotations:
D:2 Crazy Yiuf


Innate Abilities, Weirdness & Mutations

((You are very nimble when in or above water. (Stealth+, EV+, Speed+++)))
Your lower body shifts to a powerful aquatic tail in water.


Message History

You hit the hobgoblin.
The hobgoblin is heavily wounded.
The hobgoblin barely misses you.
You hit the hobgoblin.
You kill the hobgoblin!
No target in view!
Found a mace.
Found a runed translucent door.
Crazy Yiuf shouts!
As you open the door, it creaks loudly!
You hit Crazy Yiuf.
Crazy Yiuf is lightly wounded.
Crazy Yiuf hits you with a +4 quarterstaff of chaos!
You feel drained.
You hit Crazy Yiuf.
Crazy Yiuf is moderately wounded.
Crazy Yiuf hits you with a +4 quarterstaff of chaos.
You are poisoned.
You puncture Crazy Yiuf!
Crazy Yiuf is severely wounded.
You feel very sick. Crazy Yiuf barely misses you.
You hit Crazy Yiuf.
Crazy Yiuf is almost dead.
You feel very sick.
Crazy Yiuf hits you with a +4 quarterstaff of chaos.
* * * LOW HITPOINT WARNING * * *
You feel drained.
* * * LOW HITPOINT WARNING * * *
You hit Crazy Yiuf but do no damage.
Crazy Yiuf is almost dead.
* * * LOW HITPOINT WARNING * * *
You feel sick.
Crazy Yiuf laughs, "Flower aubergine tortoise!"
Crazy Yiuf misses you.
You closely miss Crazy Yiuf.
Crazy Yiuf is almost dead.
* * * LOW HITPOINT WARNING * * *
You feel sick.
Crazy Yiuf hits you with a +4 quarterstaff of chaos.
You die...

###♣♣♣♣♣ #### #
##....♣.♣♣♣ ### #..##
# ##......♣..♣#...#
#...##
######......♣♣♣♣@g...#
#....# # .....#.....♣♣
♣♣#..)# #†...# #
####....##♣♣ ###
#....# # # ###..#
#....# # #..# #....#
### # #..#
#########...####.. #
####...#
#..........###...#
.....#...#
##...##.#####..###
####..##.##
##..#.#..###...####


You could see Crazy Yiuf.

Vanquished Creatures
  3 adders (D:2)
  3 worms (D:2)
  A dart slug (D:2)
  A ball python (D:1)
  3 endoplasms
  2 giant cockroaches (D:2)
  4 goblins
  5 hobgoblins
  3 jackals (D:1)
  2 quokkas (D:1)
  3 bats
  A frilled lizard (D:2)
  3 kobolds
  A rat (D:2)
  A spectral hobgoblin (D:1)
36 creatures vanquished.

Notes
Turn   | Place    | Note
-------+----------+-------------------------------------------
     0 | D:1      | Monzz the Merfolk Gladiator began the quest for the Orb.
     0 | D:1      | Reached XP level 1. HP: 16/16 MP: 1/1
   387 | D:1      | Reached XP level 2. HP: 17/22 MP: 2/2
   540 | D:1      | You fall into a shaft and drop 1 floor!
   805 | D:2      | Found Balonits's Weapon Shop.
   876 | D:2      | Reached XP level 3. HP: 25/28 MP: 3/3
   952 | D:2      | Found an iron altar of Okawaru.
  1091 | D:2      | Reached skill level 5 in Polearms
  1424 | D:2      | Reached XP level 4. HP: 34/34 MP: 4/4
  1485 | D:1      | Found a faded altar of an unknown god.
  2237 | D:2      | Reached skill level 1 in Armour
  2333 | D:2      | Found a runed translucent door.
  2334 | D:2      | Noticed Crazy Yiuf
  2343 | D:2      | Slain by Crazy Yiuf

Illustrated notes

Levels and vault maps discovered:
D:1:      erik_arrival_triangle_large, layout_loops_ring,
          dreamdust_ecumenical_altar_drowned_temple, serial_forest,
          infiniplex_forest_clump_diagonal, infiniplex_forest_clump_diagonal,
          infiniplex_forest_lined_3_way, infiniplex_forest_end_1,
          infiniplex_forest_lined_3, infiniplex_forest_join
D:2:      layout_rooms, serial_shops, nicolae_shop_bloodbath_and_beyond,
          basic_altar, uniq_crazy_yiuf_cottage

Skill      XL: |  1  2  3  4 |
---------------+-------------+-----
Polearms       | 5 |  5.2
Armour         | 1 |  1.0
Fighting       | |  2.9
Throwing       | |  2.1
Dodging        | |  4.4

Action                   |  1- 3 |  4- 6 || total
-------------------------+-------+-------++-------
Melee: Trident           |   105 |    46 ||   151
       Punch             |     2 |     1 ||     3
  Use: Scroll            |     1 |       ||     1
Armor: Leather armour    |     9 |       ||     9
       Scale mail        |    19 |     9 ||    28
Dodge: Dodged            |    50 |    18 ||    68

Table legend: (Time is in decaauts)
 A = Elapsed time spent in this place.
 B = Non-inter-level travel time spent in this place.
 C = Inter-level travel time spent in this place.
 D = Time resting spent in this place.
 E = Time spent auto-exploring this place.
 F = Levels seen in this place.
 G = Mean time per level.
                   A        B        C        D        E       F      G
               +--------+--------+--------+--------+--------+-----+--------+
         Total |   2340 |   2322 |     18 |    730 |   1172 |   2 | 1170.0 |
       Dungeon |   2340 |   2322 |     18 |    730 |   1172 |   2 | 1170.0 |
               +--------+--------+--------+--------+--------+-----+--------+

Top non-repeatable levels by time:
     D:1: 1252 daAuts
     D:2: 1087 daAuts
